cohdb
Replays
Latest Replays
All Replays
Popular Replays
Top Player Replays
Match Explorer
How It Works
Community
CoH3 Stats
Reddit
Sign in to upload your games and track your stats! →
Sign in with Steam
Match 46951659
Unlisted
Match 46951659
Overview
Messages
Build Orders
End
Pioneer Squad
Construct Infanterie Kompanie
Selects Mechanized Battlegroup
Grenadier Squad
Grenadier Squad
Grenadier Squad
Infanterie Officer Quarters
MG 42 Machine Gun Team
Construct Panzergrenadier Kompanie
Selects Mobile Repair Stations
Selects Raid Package
Pak 40 Anti-tank Gun Team
Panzergrenadier Squad
Selects StuG Assault Group
StuG Assault Group
Construct Panzer Kompanie
Selects UNKNOWN (2160084)
Selects Spotting Scopes
Sturmpanzer IV Brummbär
Panzer Officer Quarters
Pioneer Squad
Selects Wespe Self-propelled Artillery
Selects Zeroing Artillery Barrage
Panther Heavy Tank
Panther Heavy Tank
Side Skirts
Medical Station
Zeroing Artillery Barrage
Pioneer Squad
Sturmpanzer IV Brummbär
Panther Heavy Tank
Pioneer Squad
Panther Heavy Tank
MG 42 Machine Gun Team
Sturmpanzer IV Brummbär
Zeroing Artillery Barrage
Sturmpanzer IV Brummbär
Panzer IV Medium Tank
Pioneer Squad
Angrybirds
Xufe
silverticket
Cpt Darling
0
0
Comments
sign in to comment!
No comments posted yet!